 Dungeon Crawl Stone Soup version 0.30-a0-377-g5cb311bc9f (webtiles) character file.

Game seed: 12380554121750220665

5 caruso the Trooper (level 1, -1/18 HPs)
             Began as a Human Berserker on Nov 29, 2022.
             Was a Follower of Trog.
             Slain by a harpy zombie (10 damage)
             ... on level 2 of the Abyss.
             The game lasted 00:05:57 (195 turns).

caruso the Trooper (Human Berserker)                 Turns: 195, Time: 00:05:58

Health: -1/18      AC:  2    Str: 17    XL:     1   Next: 88%
Magic:  1/1        EV: 12    Int:  7    God:    Trog [*.....]
Gold:   0          SH:  0    Dex: 12    Spells: 0/0 levels left

rFire   . . .      SeeInvis .    a - +0 falchion
rCold   . . .      Faith    .    (no shield)
rNeg    . . .      Spirit   .    b - +0 animal skin
rPois   .          Reflect  .    (no helmet)
rElec   .          Harm     .    (no cloak)
rCorr   .          Rampage  .    (no gloves)
Will    .....                    (no boots)
Stlth   +.........               (no amulet)
HPRegen 0.23/turn                (no ring)
MPRegen 0.07/turn                (no ring)

@: no status effects
A: no striking features
a: Renounce Religion, Berserk


You were on level 2 of the Abyss.
You worshipped Trog.
Trog was aware of your devotion.
You visited 1 branch of the dungeon, and saw 1 of its levels.
You visited the Abyss 1 time.

Inventory:

Hand Weapons
 a - a +0 falchion (weapon)
Armour
 b - a +0 animal skin (worn)
Scrolls
 c - a scroll of identify {unknown}


   Skills:
 + Level 3.2 Fighting
 + Level 3.1 Long Blades
 + Level 2.0 Armour
 + Level 2.1 Dodging


You couldn't memorise any spells.
You didn't know any spells.
Your spell library contained the following spells:

 Spells                   Type           Power      Damage    Failure   Level
 Magic Dart               Conj           0%         1d3       43%         1
 Searing Ray              Conj           0%         2d4       56%         2
 Fulminant Prism          Conj/Hex       0%         3d5       99%         4


Dungeon Overview and Level Annotations

Branches:
Dungeon (1/15)

Altars:

Shops:
D:1 (


Message History

There are no items here.
You see here a ball python corpse.
A kobold comes into view. It is wielding a +0 short sword.
The kobold shouts!
The kobold throws a stone.
The stone barely misses you.
The kobold throws a stone.
The stone barely misses you.
A hobgoblin comes into view.
The hobgoblin shouts!
There are monsters nearby!
A kobold comes into view.
It is wielding a +0 short sword of distortion.
The kobold shouts!
The kobold hits you with a +0 short sword.
You hit the kobold.
The kobold is severely wounded.
The kobold barely misses you.
You hit the kobold.
You kill the kobold!
Trog accepts your kill.
You hit the hobgoblin but do no damage. The hobgoblin barely misses you.
You closely miss the hobgoblin. The hobgoblin misses you.
You closely miss the hobgoblin. The hobgoblin barely misses you.
The hobgoblin hits you. The kobold barely misses you.
You hit the hobgoblin but do no damage. The hobgoblin barely misses you.
The kobold hits you with a +0 short sword of distortion.
You are cast into the Abyss!
To return, you must find a gate leading back.
Killing monsters will force the Abyss to allow you passage.
This branch contains the abyssal rune of Zot.
Unknown command.
Found a gateway leading deeper into the Abyss.
HP restored.
There is a gateway leading deeper into the Abyss here.
You plunge deeper into the Abyss.
A harpy zombie erupts from nowhere.
You hit the harpy zombie but do no damage.
The harpy zombie claws you!
Ouch! That really hurt!
The harpy zombie claws you!
Ouch! That really hurt!
You die...

#..... ..##... ...# #..
...#.##.#.... ... . . .
.# .. #.#.#...#.#... ..
#.##....#.#.## .#. ..
.. #....#..#.......
...## #.#..##.#.
..#..#.#. ..#
#............ ..
#.##...
#...##..#.#.#..#. ...#
.
.........@Z...........#
...##.#.#...#.#.#.. ##
. ##.#...###..#....#
#.##.### ##...# . ##
#.# ...#. # # #.# .#.#.
. .. ##


You could see a harpy zombie.

Vanquished Creatures
  A ball python (D:1)
  An endoplasm (D:1)
  3 bats (D:1)
  A kobold (D:1)
6 creatures vanquished.

Notes
Turn   | Place    | Note
-------+----------+-------------------------------------------
     0 | D:1      | caruso the Human Berserker began the quest for the Orb.
     0 | D:1      | Reached XP level 1. HP: 18/18 MP: 1/1
    46 | D:1      | Found Xaqao's Weapon Shop.
   132 | Abyss:1  | Cast into level 1 of the Abyss (kobold)
   192 | Abyss:2  | Noticed a harpy zombie
   195 | Abyss:2  | Slain by a harpy zombie

Illustrated notes

Levels and vault maps discovered:
D:1:      saegor_arrival_simple_a, layout_loops_ring, serial_shops, shop,
          minmay_distorted
Abyss:2:  base: D:1, bh_silent_lugonu_exit

Action                   || total
-------------------------++-------
Melee: Falchion          ||    26
Armor: Animal skin       ||     9
Dodge: Dodged            ||    29

Table legend: (Time is in decaauts)
 A = Elapsed time spent in this place.
 B = Non-inter-level travel time spent in this place.
 C = Inter-level travel time spent in this place.
 D = Time resting spent in this place.
 E = Time spent auto-exploring this place.
 F = Levels seen in this place.
 G = Mean time per level.
                   A        B        C        D        E       F      G
               +--------+--------+--------+--------+--------+-----+--------+
         Total |    198 |    125 |     73 |      0 |      0 |   3 |   66.0 |
       Dungeon |    136 |     63 |     73 |      0 |      0 |   1 |  136.0 |
         Abyss |     62 |     62 |      0 |      0 |      0 |   2 |   31.0 |
               +--------+--------+--------+--------+--------+-----+--------+

Top non-repeatable levels by time:
     D:1: 136 daAuts
 Abyss:2: 36 daAuts
 Abyss:1: 25 daAuts
